 Dungeon Crawl Stone Soup version 0.29.1-15-g9cfb28693d (webtiles) character file.

Game seed: 11222527122713416430

1862 hawla the Arsonist (level 9, 0/64 HPs)
             Began as a Meteoran Fire Elementalist on Apr 20, 2023.
             Slain by a two-headed ogre
             ... wielding a +0 dire flail
              (17 damage)
             ... on level 9 of the Dungeon.
             The game lasted 00:09:53 (1585 turns).

hawla the Arsonist (Meteoran Fire Elementalist)     Turns: 1585, Time: 00:09:54

Health: 0/64       AC:  3    Str: 11    XL:     9   Next: 61%
Magic:  1/23       EV: 13    Int: 21    God:
Gold:   118        SH:  0    Dex: 14    Spells: 23/26 levels left

rFire   . . .      SeeInvis .   (no weapon)
rCold   . . .      Faith    .   (no shield)
rNeg    . . .      Spirit   .   a - +1 robe
rPois   .          Reflect  .   (no helmet)
rElec   .          Harm     .   (no cloak)
rCorr   .          Rampage  .   (no gloves)
Will    +....                   (no boots)
Stlth   +.........              (no amulet)
HPRegen 0.20/turn               (no ring)
MPRegen 0.18/turn               (no ring)

@: brilliant, about to teleport, attractive, glowing
A: sense surroundings 2, otherworldly, glowing, explore regen
a: no special abilities


You were on level 9 of the Dungeon.
You visited 2 branches of the dungeon, and saw 9 of its levels.

You collected 118 gold pieces.

Inventory:

Armour
 a - a +1 robe (worn)
 e - a +0 pair of boots
Wands
 g - a wand of digging (5)
 n - a wand of flame (7)
Scrolls
 b - 2 scrolls of enchant armour
 h - a scroll of magic mapping
 i - a scroll of identify
 k - a scroll of enchant weapon
 m - a scroll of teleportation
 o - a scroll of butterflies {unknown}
Potions
 c - a potion of degeneration
 d - a potion of heal wounds
 f - a potion of mutation
 j - a potion of attraction
 l - a potion of brilliance


   Skills:
 + Level 1.5 Fighting
 + Level 4.4 Dodging
 - Level 1.4 Stealth
 + Level 9.0 Spellcasting
 + Level 4.9 Conjurations
 + Level 9.3 Fire Magic


You had 23 spell levels left.
You knew the following spells:

 Your Spells              Type           Power      Damage    Failure   Level
a - Foxfire               Conj/Fire      100%       2x1d9     1%          1
b - Scorch                Fire           100%       2d10      1%          2

Your spell library contained the following spells:

 Spells                   Type           Power      Damage    Failure   Level
 Conjure Flame            Conj/Fire      56%        6-21      1%          3
 Inner Flame              Hex/Fire       43%        N/A       3%          3
 Flame Wave               Conj/Fire      56%        2d13      3%          4
 Sting                    Tmut/Pois      56%        1d5       7%          1
 Poisonous Vapours        Pois/Air       28%        N/A       11%         2
 Fireball                 Conj/Fire      28%        3d12      11%         5
 Portal Projectile        Hex/Tloc       28%        N/A       22%         3
 Tukima's Dance           Hex            14%        N/A       22%         3
 Starburst                Conj/Fire      28%        6d9       52%         6
 Olgreb's Toxic Radiance  Pois           14%        N/A       56%         4
 Blade Hands              Tmut           7%         N/A       89%         5
 Fire Storm               Conj/Fire      28%        8d7       100%        9


Dungeon Overview and Level Annotations

Branches:
Dungeon (7/15) Zot: 3261   Temple (1/1) D:5 Zot: 552     Orc (0/2) D:9

Altars:
Ashenzari
Elyvilon
Fedhas
Gozag
Hepliaklqana
Kikubaaqudgha
Makhleb
Okawaru
Qazlal
Ru
Sif Muna
Trog
Uskayaw
Vehumet
Wu Jian
Xom
Yredelemnul
Zin
The Shining One


Innate Abilities, Weirdness & Mutations

You passively map the area around you.
You are easily found by Zot.
You glow in the dark.
You regain HP and MP as you explore.


Message History

The foxfire hits the warg but does no damage.
The warg is lightly wounded.
The foxfire hits the warg!
The warg is moderately wounded.
The warg closely misses you. The warg attacks as you move away!
The warg bites you but does no damage. The warg attacks as you move away!
The warg closely misses you. The warg bites you!
Casting: Foxfire (safe; 1% risk of failure)
Confirm with . or Enter, or press ? or * to list all spells.
You conjure some foxfire!
The warg bites you but does no damage. The orc misses you.
The orc wizard gestures wildly while chanting.
The orc wizard flickers and vanishes!
Deactivating autopickup; reactivate with Ctrl-A.
Casting: Foxfire (safe; 1% risk of failure)
Confirm with . or Enter, or press ? or * to list all spells.
You conjure some foxfire!
The foxfire hits the orc!
You kill the orc!
The foxfire hits the warg!
The warg is heavily wounded.
The warg barely misses you. The warg bites you but does no damage.
As you read the scroll of teleportation, it crumbles to dust.
You feel strangely unstable.
The foxfire hits the warg.
The warg is severely wounded.
The foxfire hits the warg.
The warg is severely wounded.
The warg bites you but does no damage.
It was a potion of heal wounds.
You feel much better. The warg barely misses you.
The two-headed ogre barely misses you.
The two-headed ogre hits you with a +0 giant spiked club!!
It was a potion of attraction.
You feel attractive to monsters. The warg bites you but does no damage.
The warg misses you.
It was a potion of brilliance.
You feel clever all of a sudden.
The two-headed ogre hits you with a +0 dire flail!!
* * * LOW HITPOINT WARNING * * *
The two-headed ogre hits you with a +0 giant spiked club!
You die...

#....#
#.###.......#
#....#
#.....§.....#
,* ###+##
#####.......# ,
, * * #####.###
, * #####.###
,#. * #.......#
#..# ###+######
#...#...#
#....#†.......#
##.......#
**#.)....)h@.#
#..#._.#.# ,
###.....O..#
#........# ,
#......>.#
#....#.(.#
#........#
#........# *
#........#
#.#.####.#
#......?.#
#........#
#........#
###.######
######'### #.#
####..# #.#


You could see a two-headed ogre and a warg.

Vanquished Creatures
  A cyclops (D:9)
  Grinder (D:6)
  A warg (D:9)
  A water moccasin (D:5)
  An orc warrior (D:9)
  3 ogres
  A phantom (D:6)
  A necrophage (D:4)
  A scorpion (D:5)
  2 howler monkeys (D:9)
  2 orc priests
  3 hounds
  4 iguanas
  2 orc wizards
  10 gnolls
  2 adders (D:4)
  An ufetubus (D:5)
  A dart slug (D:4)
  8 orcs
  An endoplasm (D:3)
  A giant cockroach (D:2)
  3 hobgoblins
  2 quokkas
  2 ball pythons (D:4)
  A goblin (D:9)
  4 kobolds
  19 rats
79 creatures vanquished.

Vanquished Creatures (others)
  214 foxfires
214 creatures vanquished.

Grand Total: 293 creatures vanquished

Notes
Turn   | Place    | Note
-------+----------+-------------------------------------------
     0 | D:1      | hawla the Meteoran Fire Elementalist began the quest for
                  | the Orb.
     0 | D:1      | Reached XP level 1. HP: 14/14 MP: 5/5
   249 | D:2      | Found a faded altar of an unknown god.
   271 | D:2      | Reached XP level 2. HP: 16/20 MP: 3/6
   274 | D:2      | Learned a level 2 spell: Scorch
   504 | D:4      | Noticed a necrophage
   515 | D:4      | Killed a necrophage
   516 | D:4      | Reached skill level 5 in Fire Magic
   516 | D:4      | Reached XP level 3. HP: 13/26 MP: 1/9
   516 | D:4      | Reached XP level 4. HP: 17/33 MP: 1/10
   547 | D:4      | Reached XP level 5. HP: 20/38 MP: 1/11
   702 | D:4      | Found a broken altar of Ashenzari.
   708 | D:4      | Found a shimmering blue altar of Sif Muna.
   711 | D:4      | Found a blossoming altar of Fedhas.
   711 | D:4      | Found a burning altar of Makhleb.
   718 | D:4      | Found a hazy altar of Hepliaklqana.
   904 | D:4      | Noticed an ogre
   909 | D:4      | Killed an ogre
   910 | D:4      | Reached XP level 6. HP: 46/46 MP: 7/13
   913 | D:4      | Noticed an ogre
   930 | D:4      | Killed an ogre
   931 | D:4      | Reached XP level 7. HP: 51/51 MP: 0/15
   936 | D:5      | Entered Level 5 of the Dungeon
   956 | D:5      | Reached skill level 5 in Spellcasting
   974 | D:5      | Found a staircase to the Ecumenical Temple.
   983 | Temple   | Entered the Ecumenical Temple
  1064 | D:5      | Noticed a water moccasin
  1068 | D:5      | Killed a water moccasin
  1170 | D:5      | Got the Compendium of the Pyromaniac
  1176 | D:5      | Reached skill level 1 in Fighting
  1176 | D:5      | Reached XP level 8. HP: 50/59 MP: 2/17
  1276 | D:6      | Noticed Grinder
  1291 | D:6      | Killed Grinder
  1394 | D:6      | Gained mutation: You passively map the area around you.
                  | [Meteoran growth]
  1394 | D:6      | Reached XP level 9. HP: 64/64 MP: 14/21
  1404 | D:7      | You fall into a shaft and drop 2 floors!
  1494 | D:9      | Found a radiant altar of Vehumet.
  1516 | D:9      | Noticed a cyclops
  1523 | D:9      | Killed a cyclops
  1572 | D:9      | Noticed a two-headed ogre
  1585 | D:9      | Slain by a two-headed ogre

Illustrated notes

Levels and vault maps discovered:
D:1:      psy_arrival_heroes, layout_basic, grunt_decor_mini_mirrors
D:2:      layout_loops_ring, basic_ecumenical_altar
D:3:      layout_basic
D:4:      minmay_inner_zag, layout_cave_pods, slow_altar_1,
          nicolae_overflow_hallway_of_the_gods, minmay_rat_hole
D:5:      layout_basic, temple_green, uniq_sigmund
D:6:      layout_gridville, serial_shops, shop_statue, uniq_maggie,
          uniq_crazy_yiuf_cottage, uniq_grinder
D:7:      kennysheep_windowed_halls, layout_loops_ring,
          mainiacjoe_overflow_big_doors, grunt_decor_clamped, dk_noncrumbling_4
D:9:      layout_roguey, vehumet_altar_wand_db, erik_lair_orcish_takeover,
          david_orc_1_choice
Temple:   nicolae_temple_god_jail

Skill      XL: |  1  2  3  4  5  6  7  8  9 |
---------------+----------------------------+-----
Fire Magic     | 5 6 7 8 9 |  9.3
Spellcasting   | 3 4 5 7 9 |  9.0
Conjurations   | 2 3 4 |  4.9
Dodging        | 3 4 |  4.4
Fighting       | 1 |  1.5
Stealth        | |  1.4

Action                   |  1- 3 |  4- 6 |  7- 9 || total
-------------------------+-------+-------+-------++-------
Melee: Unarmed           |     8 |    14 |     7 ||    29
 Cast: Foxfire           |    20 |    42 |    62 ||   124
       Scorch            |     1 |     4 |    38 ||    43
  Use: Scroll            |       |     3 |     7 ||    10
       Potion            |       |       |     4 ||     4
Armor: Robe              |     6 |     4 |    10 ||    20
Dodge: Dodged            |     6 |    27 |    29 ||    62
